 Dungeon Crawl Stone Soup version 0.28-a0-1412-gf95308ed99 (webtiles) character file.

Game seed: 9290369217322743071

2 snetch the Chiller (level 1, -2/7 HPs)
             Began as a Felid Ice Elementalist on Jan 7, 2022.
             Killed from afar by a dart slug (5 damage)
             ... with a slug dart
             ... on level 1 of the Dungeon.
             The game lasted 00:00:26 (48 turns).

snetch the Chiller (Felid Ice Elementalist)           Turns: 48, Time: 00:00:26

Health: -2/7       AC:  1    Str:  4    XL:     1   Next: 33%
Magic:  2/4        EV: 17    Int: 16    God:
Gold:   15         SH:  0    Dex: 16    Spells: 3/4 levels left
                                        Lives:  0   Deaths: 0

rFire   . . .      SeeInvis +   (weapon unavailable)
rCold   . . .      Faith    .   (shield unavailable)
rNeg    . . .      Spirit   .   (armour unavailable)
rPois   .          Reflect  .   (helmet unavailable)
rElec   .          Harm     .   (cloak unavailable)
rCorr   .          Rampage  .   (gloves unavailable)
Will    .....                   (boots unavailable)
Stlth   ++........              (no amulet)
HPRegen 0.02/turn               (no ring)
MPRegen 0.09/turn               (no ring)

@: quick
A: very small, claws 1, fangs 3, see invisible, speed 1, shaggy fur 1, stealthy
paws, no weapons or thrown items, no armour, multi-lived
a: no special abilities


You were on level 1 of the Dungeon.
You visited 1 branch of the dungeon, and saw 1 of its levels.

You collected 15 gold pieces.

Inventory:

Potions
 a - 2 potions of ambrosia {unknown}


   Skills:
 + Level 2.6 Dodging
 + Level 2.6 Stealth
 + Level 2.0 Spellcasting
 + Level 3.7 Ice Magic


You had 3 spell levels left.
You knew the following spells:

 Your Spells              Type           Power      Damage    Failure   Level
a - Freeze                Ice            52%        1d7       4%          1

Your spell library contained the following spells:

 Spells                   Type           Power      Damage    Failure   Level
 Frozen Ramparts          Ice            26%        1d4       13%         3
 Ozocubu's Armour         Ice            13%        N/A       13%         3
 Hailstorm                Conj/Ice       7%         3d4       67%         4


Dungeon Overview and Level Annotations

Branches:
Dungeon (1/15)

Altars:


Innate Abilities, Weirdness & Mutations

You have sharp claws.
You have razor-sharp teeth.
You have supernaturally acute eyesight. (SInv)
You cover ground quickly. (Speed+)
You are covered in fur. (AC +1)
Your paws help you pounce on unaware monsters.
You are incapable of wielding weapons or throwing items.
You cannot wear armour.
You gain extra lives every three experience levels.


Message History

A kobold comes into view. It is wielding a +0 dagger.
You see here a frilled lizard corpse.
A bat comes into view.
A frilled lizard and a kobold come into view.
Found 7 gold pieces.
The kobold shouts!
The frilled lizard hisses angrily.
The kobold throws a stone.
The stone hits you.
You see here 2 cyan potions.
a - 2 cyan potions The bat barely misses you.
The kobold throws a stone.
The stone misses you. The bat completely misses you.
You barely miss the bat. The bat hits you but does no damage.
The bat barely misses you. The bat misses you.
You scratch the kobold.
The kobold is heavily wounded.
The bat completely misses you. The kobold closely misses you.
The kobold throws a stone.
The stone closely misses you.
You freeze the kobold.
You kill the kobold!
The bat closely misses you.
The kobold throws a stone.
The stone closely misses you.
A dart slug comes into view.
The bat closely misses you.
You barely miss the bat. Your claw misses the bat. Your bite misses the bat.
The bat hits you.
You are too injured to fight recklessly!
You are too injured to fight recklessly!
You are too injured to fight recklessly!
Aiming: Freeze (safe; 4% risk of failure)
Press: ? - help, Q - select action Shift-Dir - straight line, f - frilled lizard
Aim: a frilled lizard You freeze the frilled lizard.
You kill the frilled lizard!
The bat hits you but does no damage.
The kobold throws a stone.
The stone barely misses you. The dart slug launches a dart at you.
The slug dart hits you.
Ouch! That really hurt!
You die...

#.# ##.#### #.....# #.
### #.....# ####.# ...#
#.....# #....##### .....
#.....# #........##
.....##.....# #........#.
..⌠.....@...# #..........
...w....)...# #.......
.....##†b...### #.......
..#.#.K.......# #.##.#..
.#.#.#.....#.####.##.#..
K........†...............
..#.#.####.........##....
#.#. #.###...####..P≈ . $
...............≈≈


You could see a dart slug, a bat and a kobold.

Vanquished Creatures
  A kobold (D:1)
  2 frilled lizards (D:1)
3 creatures vanquished.

Notes
Turn   | Place    | Note
-------+----------+-------------------------------------------
     0 | D:1      | snetch the Felid Ice Elementalist began the quest for the
                  | Orb.
     0 | D:1      | Reached XP level 1. HP: 7/7 MP: 4/4
    48 | D:1      | Killed from afar by a dart slug

Illustrated notes

Levels and vault maps discovered:
D:1:      giann_bridges, layout_basic, corner_web_ring,
          hangedman_abyss_or_decor_stabs, solitary_fountain

Action                   || total
-------------------------++-------
Melee: Unarmed           ||     5
 Cast: Freeze            ||     3
Armor: Skin              ||     2
Dodge: Dodged            ||    14

Table legend: (Time is in decaauts)
 A = Elapsed time spent in this place.
 B = Non-inter-level travel time spent in this place.
 C = Inter-level travel time spent in this place.
 D = Time resting spent in this place.
 E = Time spent auto-exploring this place.
 F = Levels seen in this place.
 G = Mean time per level.
                   A        B        C        D        E       F      G
               +--------+--------+--------+--------+--------+-----+--------+
         Total |     40 |     40 |      0 |      0 |     15 |   1 |   40.0 |
       Dungeon |     40 |     40 |      0 |      0 |     15 |   1 |   40.0 |
               +--------+--------+--------+--------+--------+-----+--------+

Top non-repeatable levels by time:
     D:1: 40 daAuts
